Map: Acropolis LE

Players

SortOf

  • Race: Zerg Zerg
  • League: Platinum
  • Spawn Location: 11:00

uThermal - Winner!

  • Race: Terran Terran
  • Spawn Location: 5:00

VOD

Have the link to the VOD?

Description

Time

  • Played on: Sept. 7, 2019, 12:07 p.m.
  • Length: 5:21
Show
View Real Time Build Order
Export as new Build Order

SortOf Zerg 

Build Orders: Hatch First 

Get SALT Encoding   

  12  0:00  Drone  
  13  0:12  Overlord  
  13  0:16  Drone  
  14  0:31  Drone x2  
  16  0:50  Hatchery  
  16  0:52  Drone  
  16  0:55  Drone  
  17  1:00  Drone  
  18  1:09  Extractor  
  17  1:14  Spawning Pool  
  17  1:17  Drone  
  17  1:20  Drone  
  18  1:28  Drone  
  19  1:38  Drone  
  20  2:03  Queen  
  20  2:04  Zergling x6  
  20  2:05  Spine Crawler  
  24  2:10  Spine Crawler  
  24  2:12  Zergling x2  
  24  2:14  Zergling x2  
  25  2:20  Spine Crawler  
  25  2:27  Zergling x2  
  23  2:36  Zergling x2  
  22  2:41  Spine Crawler  
  22  2:44  Zergling x2  
  22  2:46  Drone  
  24  2:55  Zergling x2  
  24  3:02  Zergling x2  
  24  3:03  Zergling x4  
  24  3:05  Zergling x2  
  26  3:16  Zergling x2  
  27  3:27  Zergling x2  
  27  3:32  Drone x2  
  26  3:35  Drone  
  26  3:36  Drone  
  26  3:40  Drone  
  26  3:42  Drone  
  27  3:48  Overlord  
  27  3:54  Overlord  
  25  4:06  Queen  
  27  4:16  Drone x4  
  31  4:20  Drone x2  
  31  4:23  Drone  
  34  4:28  Overlord  
  34  4:34  Queen  
  36  4:40  Overlord  
  36  4:51  Zergling x6  
  38  4:55  Drone x2  
  40  5:03  Drone  
  44  5:16  Hatchery  
Show
View Real Time Build Order
Export as new Build Order

uThermal Terran - Winner!

Build Orders:  

Get SALT Encoding   

  12  0:01  SCV  
  13  0:14  SCV  
  14  0:18  Supply Depot  
  14  0:26  SCV  
  15  0:40  Barracks  
  15  0:50  Barracks  
  15  0:54  SCV  
  16  1:06  SCV  
  16  1:08  Refinery  
  17  1:18  SCV  
  18  1:27  Marine  
  18  1:30  Orbital Command  
  19  1:34  Supply Depot  
  19  1:40  Marine  
  19  1:44  Marine  
  21  1:50  Bunker  
  21  1:58  Marine  
  22  2:02  Marine  
  23  2:14  SCV  
  24  2:16  Marine  
  24  2:20  Marine  
  24  2:21  Factory  
  25  2:31  SCV  
  25  2:34  Marine  
  27  2:38  Marine  
  28  2:48  SCV  
  28  2:52  Marine  
  29  3:00  SCV  
  29  3:02  Marine  
  30  3:08  Factory Reactor  
  30  3:11  Command Center  
  30  3:20  Starport  
  27  3:40  SCV  
  26  3:47  Hellion, Refinery  
  26  3:48  Supply Depot, Hellion  
  30  3:52  SCV  
  31  4:09  Medivac  
  38  4:10  SCV, Hellion x2  
  38  4:22  SCV  
  37  4:25  Orbital Command  
  36  4:32  Hellion x2  
  36  4:37  SCV  
  44  4:49  SCV  
  44  4:50  SCV  
  46  4:54  Barracks Tech Lab  
  46  4:56  Hellion  
  46  4:59  Hellion  
  50  5:01  SCV  
  50  5:05  Supply Depot  
  51  5:08  SCV  
  51  5:11  Supply Depot  
Tags
 
Add a new tag
Caveats
  • Supply blocks, unpowered buildings, or Contaminate may cause inaccurate times.
  • Supply counts are checked every 10 seconds.